AoeStats
← RIO1000

Oasis

507200160Analyzed
4v4 RM · 16d ago on Sep 17, 2026· 76m 44s· 8 players
Game mode
Random Map
Map size
Large (8 player)
Population
200
Speed
Normal
Resources
Standard
Victory
Conquest
Starting age
Dark Age
Ending age
Imperial Age
RankedLock teamsTeams togetherTeam positionsShared explorationLock speedFull tech treeHidden civsTurbo modeCheats
Victory
Defeat
🇨🇷 Mongols · Costa Rica
1121
+11
🇨🇷 Chinese · Costa Rica
1003
+16
🇨🇷 Italians · Costa Rica
998
+16
🇨🇷 Magyars · Costa Rica
973
+18
🇲🇽 Khmer · Mexico
1043
-17
🇲🇽 Hindustanis · Mexico
1030
-16
🇲🇽 Poles · Mexico
997
-15
🇨🇦 Teutons · Canada
951
-13
RIO1000
5:11 Loom
10:21 Feudal Age
11:13 Double-Bit Axe
11:10 Horse Collar
17:20 Castle Age
16:26 Gold Mining
16:50 Forging
18:21 Scale Barding Armor
18:35 Husbandry
18:53 Bloodlines
23:07 Iron Casting
24:56 Bow Saw
26:42 Heavy Plow
27:50 Chain Barding Armor
34:16 Szlachta Privileges
45:11 Imperial Age
45:19 Cavalier
47:04 Blast Furnace
52:27 Wheelbarrow
52:28 Crop Rotation
54:38 Caravan
55:49 Hand Cart
56:27 Stone Mining
60:30 Stone Shaft Mining
[GDL] Doña Pelos
10:45 Feudal Age
9:37 Loom
11:51 Double-Bit Axe
11:47 Horse Collar
15:34 Bloodlines
21:25 Castle Age
19:43 Fletching
20:50 Padded Archer Armor
20:51 Gold Mining
22:31 Crossbowman
30:15 Bow Saw
33:12 Wheelbarrow
35:05 Heavy Plow
36:21 Scale Mail Armor
36:31 Forging
36:21 Scale Mail Armor
36:32 Forging
37:40 Elite Skirmisher
40:15 Iron Casting
39:55 Chain Mail Armor
40:15 Iron Casting
39:56 Chain Mail Armor
40:44 Pikeman
44:19 Imperial Age
42:06 Hand Cart
44:24 Gold Shaft Mining
44:01 Bodkin Arrow
44:22 Leather Archer Armor
45:41 Conscription
47:06 Chemistry
46:27 Ballistics
49:30 Two-Man Saw
48:32 Bracer
49:03 Ring Archer Armor
48:33 Bracer
49:03 Ring Archer Armor
49:53 Chemistry
49:41 Squires
51:23 Grand Trunk Road
54:00 Stone Mining
54:15 Shatagni
54:49 Town Watch
56:07 Blast Furnace
56:51 Town Patrol
56:59 Scale Barding Armor
56:16 Elite Ghulam
58:06 Caravan
58:50 Thumb Ring
63:36 Heavy Camel Rider
64:18 Husbandry
64:41 Chain Barding Armor
66:48 Imperial Camel Rider
72:41 Plate Barding Armor
thegladiator989
3:34 Loom
11:34 Feudal Age
12:57 Wheelbarrow
17:14 Castle Age
17:07 Forging
17:22 Scale Barding Armor
17:08 Horse Collar
18:48 Iron Casting
23:58 Hand Cart
25:43 Double-Bit Axe
26:50 Heavy Plow
28:52 Bloodlines
30:36 Fervor
31:15 Town Watch
34:50 Imperial Age
32:13 Gold Mining
32:14 Stone Mining
32:16 Fletching
33:39 Squires
33:44 Scale Mail Armor
34:01 Pikeman
34:28 Gambesons
35:47 Stone Shaft Mining
35:15 Halberdier
36:17 Conscription
36:33 Chain Mail Armor
36:45 Bow Saw
36:09 Elite Skirmisher
37:22 Masonry
37:27 Cavalier
38:49 Ballistics
38:29 Bodkin Arrow
38:34 Padded Archer Armor
39:18 Arson
38:55 Paladin
40:18 Sanctity
40:55 Capped Ram
42:47 Chemistry
41:53 Siege Engineers
43:06 Blast Furnace
42:27 Chain Barding Armor
42:55 Town Patrol
43:28 Crenellations
43:52 Ironclad
46:42 Plate Barding Armor
46:38 Plate Mail Armor
46:23 Leather Archer Armor
47:37 Hoardings
52:21 Elite Teutonic Knight
53:03 Arrowslits
58:14 Caravan
58:46 Ring Archer Armor
60:14 Fortified Wall
Don Pianito
6:39 Loom
11:44 Feudal Age
12:26 Horse Collar
26:25 Castle Age
26:02 Double-Bit Axe
26:36 Fletching
26:43 Crossbowman
32:04 Bodkin Arrow
39:15 Wheelbarrow
45:43 Imperial Age
43:38 Padded Archer Armor
45:03 Ballistics
45:01 Bow Saw
45:17 Leather Archer Armor
45:49 Elite Skirmisher
46:10 Arbalester
46:54 Bracer
53:35 Hand Cart
57:02 Chemistry
56:17 Gold Mining
57:27 Bloodlines
57:19 Husbandry
56:40 Light Cavalry
58:40 Conscription
61:15 Hussar
Mc_Patatas
0:37 Loom
10:41 Feudal Age
12:31 Man-at-Arms
16:04 Fletching
22:38 Wheelbarrow
25:16 Double-Bit Axe
31:09 Castle Age
29:29 Horse Collar
31:03 Scale Mail Armor
32:16 Bow Saw
31:32 Pikeman
35:44 Fortified Wall
38:50 Ballistics
40:39 Great Wall
41:53 Stone Mining
41:58 Gold Mining
42:05 Bodkin Arrow
44:01 Padded Archer Armor
47:23 Imperial Age
48:01 Heavy Scorpion
50:53 Hand Cart
50:27 Halberdier
51:44 Chain Mail Armor
51:39 Forging
52:53 Chemistry
55:02 Plate Mail Armor
55:09 Iron Casting
54:40 Squires
57:21 Conscription
59:33 Gold Shaft Mining
59:57 Light Cavalry
60:47 Bloodlines
60:39 Husbandry
64:10 Blast Furnace
63:12 Bracer
64:47 Stone Shaft Mining
67:54 Scale Barding Armor
tupapa13
10:25 Feudal Age
11:25 Double-Bit Axe
13:40 Forging
15:01 Wheelbarrow
18:20 Castle Age
18:02 Fletching
18:26 Bloodlines
20:25 Bow Saw
22:46 Bodkin Arrow
27:02 Loom
27:05 Town Watch
29:02 Hand Cart
29:28 Padded Archer Armor
33:58 Imperial Age
32:25 Thumb Ring
32:55 Ballistics
34:07 Leather Archer Armor
34:08 Husbandry
34:50 Bracer
35:16 Parthian Tactics
35:09 Gold Mining
37:08 Conscription
36:31 Capped Ram
38:43 Chemistry
38:37 Drill
38:14 Heavy Cavalry Archer
41:10 Gold Shaft Mining
41:04 Scale Barding Armor
42:20 Chain Barding Armor
42:36 Iron Casting
42:38 Hoardings
42:43 Caravan
44:04 Town Patrol
43:34 Light Cavalry
45:50 Blast Furnace
47:30 Siege Ram
48:21 Onager
51:14 Siege Ram
59:00 Heavy Camel Rider
65:51 Hussar
67:15 Pikeman
67:56 Squires
Spectreassassin
12:55 Feudal Age
16:11 Loom
20:25 Castle Age
24:21 Horse Collar
25:54 Double-Bit Axe
55:43 Fortified Wall
59:21 Padded Archer Armor
59:11 Fletching
60:56 Bodkin Arrow
66:21 Crossbowman
67:07 Thumb Ring
71:32 Elite Skirmisher
76:27 Wheelbarrow
75:38 Town Watch
EmperorofMayhem94
2:18 Loom
11:10 Feudal Age
19:43 Castle Age
18:24 Wheelbarrow
17:44 Double-Bit Axe
20:12 Scale Barding Armor
19:57 Horse Collar
22:20 Husbandry
23:32 Bloodlines
29:40 Town Watch
29:53 Light Cavalry
37:49 Ballistics
43:33 Chain Barding Armor
43:32 Murder Holes
44:05 Corvinian Army
46:56 Imperial Age
45:17 Town Patrol
48:53 Onager
50:38 Hussar
53:51 Cavalier
56:36 Hand Cart
58:28 Paladin
59:52 Plate Barding Armor
Connection lost

Rejoining the realm…

Still unreachable

The connection could not be restored.

Session expired

The server has moved on; the page needs a fresh start.